Map: Frost LE

Players

Thundercon

  • Race: Protoss Protoss
  • League: Bronze
  • Spawn Location: 7:00

Fropez - Winner!

  • Race: Protoss Protoss
  • League: Silver
  • Spawn Location: 5:00

VOD

Have the link to the VOD?

Description

Time

  • Played on: May 25, 2016, 10:09 a.m.
  • Length: 9:47
Show
View Real Time Build Order
Export as new Build Order

Thundercon Protoss 

Build Orders:  

Get SALT Encoding   

  12  0:01  Probe (Chrono Boost)  
  13  0:12  Probe (Chrono Boost)  
  14  0:19  Pylon  
  14  0:24  Probe (Chrono Boost)  
  15  0:38  Probe (Chrono Boost)  
  15  0:41  Gateway  
  16  0:48  Probe (Chrono Boost)  
  17  0:56  Assimilator  
  17  0:59  Probe (Chrono Boost)  
  17  1:01  Assimilator  
  18  1:09  Probe (Chrono Boost)  
  19  1:20  Probe (Chrono Boost)  
  19  1:25  Pylon  
  20  1:29  Cybernetics Core  
  20  1:30  Probe (Chrono Boost)  
  21  1:41  Probe (Chrono Boost)  
  21  1:45  Zealot  
  24  1:58  Gateway  
  24  2:01  Gateway  
  24  2:07  Gateway  
  24  2:16  Warp Gate (Chrono Boost)  
  24  2:26  Forge  
  24  2:40  Probe  
  24  2:41  Pylon  
  25  2:52  Probe  
  26  3:04  Probe  
  27  3:09  Nexus  
  27  3:16  Probe  
  28  3:23  Photon Cannon  
  28  3:31  Pylon  
  28  3:36  Probe  
  28  3:39  Stalker (Chrono Boost)  
  31  3:48  Probe  
  32  4:23  Photon Cannon  
  32  4:27  Stalker x2  
  33  4:43  Stargate  
  30  4:46  Stargate  
  28  4:55  Stalker  
  28  4:56  Stalker x2  
  29  5:21  Pylon  
  26  5:39  Stalker x3  
  31  5:47  Probe  
  32  5:59  Probe  
  32  6:00  Pylon  
  33  6:04  Phoenix  
  33  6:09  Photon Cannon  
  35  6:12  Probe  
  36  6:21  Probe (Chrono Boost)  
  36  6:24  Probe (Chrono Boost)  
  39  6:32  Probe (Chrono Boost)  
  39  6:35  Protoss Shields Level 1, Probe (Chrono Boost)  
  40  6:43  Probe (Chrono Boost)  
  40  6:46  Probe (Chrono Boost)  
  42  6:53  Probe (Chrono Boost)  
  41  7:31  Photon Cannon  
  41  7:35  Void Ray  
  45  7:47  Probe (Chrono Boost)  
  46  7:58  Probe (Chrono Boost)  
  47  8:06  Pylon  
  47  8:11  Robotics Facility  
  47  8:17  Void Ray  
  51  8:20  Probe (Chrono Boost)  
  51  8:24  Twilight Council  
  51  8:26  Probe (Chrono Boost)  
  53  8:31  Probe (Chrono Boost)  
  54  8:35  Photon Cannon  
  54  8:37  Probe (Chrono Boost)  
  54  8:38  Photon Cannon  
  55  8:41  Probe (Chrono Boost)  
  55  8:47  Probe (Chrono Boost)  
  57  8:56  Assimilator  
  57  8:58  Assimilator  
  57  9:06  Mothership Core (Chrono Boost)  
Show
View Real Time Build Order
Export as new Build Order

Fropez Protoss - Winner!

Build Orders:  

Get SALT Encoding   

  12  0:01  Probe (Chrono Boost)  
  13  0:11  Probe (Chrono Boost)  
  14  0:21  Pylon  
  14  0:23  Probe (Chrono Boost)  
  15  0:39  Probe (Chrono Boost)  
  15  0:41  Gateway  
  16  0:48  Assimilator  
  16  0:49  Probe (Chrono Boost)  
  17  0:56  Pylon  
  17  1:00  Probe (Chrono Boost)  
  18  1:10  Probe (Chrono Boost)  
  19  1:28  Cybernetics Core, Gateway  
  19  1:29  Probe (Chrono Boost)  
  20  1:38  Assimilator  
  21  1:40  Probe (Chrono Boost)  
  21  1:45  Pylon  
  21  1:50  Probe (Chrono Boost)  
  22  2:01  Probe (Chrono Boost)  
  23  2:04  Stalker  
  23  2:06  Warp Gate (Chrono Boost)  
  25  2:14  Mothership Core (Chrono Boost)  
  27  2:23  Stalker  
  29  2:32  Probe (Chrono Boost)  
  30  2:43  Probe (Chrono Boost)  
  31  2:44  Stalker  
  33  2:52  Pylon  
  33  2:53  Probe (Chrono Boost), Stalker  
  36  3:05  Probe  
  37  3:17  Probe  
  37  3:29  Probe  
  38  3:41  Probe  
  38  3:48  Pylon, Forge  
  39  3:53  Probe (Chrono Boost)  
  40  4:00  Pylon  
  40  4:04  Probe (Chrono Boost)  
  41  4:31  Stalker x2  
  45  4:44  Probe (Chrono Boost)  
  46  4:49  Protoss Ground Weapons Level 1 (Chrono Boost)  
  46  4:51  Gateway x2  
  44  4:55  Probe  
  45  5:07  Probe  
  44  5:14  Stalker x2  
  44  5:19  Probe  
  49  5:49  Stalker x2  
  53  5:58  Twilight Council  
  53  6:01  Pylon  
  53  6:04  Probe  
  53  6:07  Stalker x2  
  58  6:15  Nexus  
  58  6:18  Assimilator  
  58  6:20  Assimilator, Stalker x2  
  58  6:24  Pylon x2  
  63  6:25  Probe  
  63  6:28  Pylon  
  63  6:36  Blink (Chrono Boost)  
  63  6:37  Probe, Protoss Ground Weapons Level 2  
  64  6:48  Stalker  
  64  6:50  Probe, Stalker  
  69  7:02  Probe  
  68  7:23  Probe  
  69  7:32  Gateway x2  
  69  7:34  Probe  
  69  7:35  Gateway  
  69  7:36  Probe  
  71  7:37  Photon Cannon  
  71  7:53  Probe  
  71  7:54  Probe  
  73  8:03  Robotics Facility  
  73  8:05  Pylon  
  73  8:06  Probe x2  
  73  8:12  Pylon  
  75  8:21  Stalker  
  75  8:22  Stalker x2  
  81  8:36  Probe  
  81  8:37  Probe  
  83  8:49  Stalker x3  
  83  8:52  Stalker  
  91  9:03  Sentry  
Tags
 
Matchup
PvP
Replay Pack
All Mines
Spawn Locations
Close Positions
Add a new tag
Caveats
  • Supply blocks, unpowered buildings, or Contaminate may cause inaccurate times.
  • Supply counts are checked every 10 seconds.